 Dungeon Crawl Stone Soup version 0.26-a0-576-gcfaa98f945 (webtiles) character file.

Game seed: 1330821292857775044

20 ANON1729 the Sneak (level 2, -2/24 HPs)
             Began as a Demonspawn Delver on Aug 22, 2020.
             Slain by a hound (4 damage)
             ... on level 6 of the Dungeon.
             The game lasted 00:00:26 (175 turns).

ANON1729 the Sneak (Demonspawn Delver)               Turns: 175, Time: 00:00:26

Health: -2/24      AC:  3    Str: 12    XL:     2   Next: 58%
Magic:  2/2        EV: 12    Int: 11    God:
Gold:   0          SH:  0    Dex: 14    Spells: 1/1 levels left

rFire    . . .     SeeInvis .   a - +0 falchion
rCold    . . .     Faith    .   (no shield)
rNeg     . . .     Spirit   .   b - +0 leather armour
rPois    .         Reflect  .   (helmet restricted)
rElec    .         Harm     .   (no cloak)
rCorr    .                      (no gloves)
MR       .....                  (no boots)
Stlth    +++.......             (no amulet)
HPRegen  0.08/turn              (no ring)
MPRegen  0.08/turn              (no ring)

@: no status effects
A: antennae 1
a: no special abilities


You were on level 6 of the Dungeon.
You visited 1 branch of the dungeon, and saw 2 of its levels.

Inventory:

Hand Weapons
 a - a +0 falchion (weapon)
Armour
 b - a +0 leather armour (worn)
Wands
 g - a wand of digging (3)
Scrolls
 c - a scroll of fog
 d - a scroll of magic mapping
 e - a scroll of fear
Potions
 f - a potion of haste
 h - a potion of mutation {unknown}


   Skills:
 + Level 3.2 Fighting
 + Level 2.1 Long Blades
 + Level 2.1 Dodging
 + Level 4.7 Stealth


You had one spell level left.
You didn't know any spells.
Your spell library was empty.

Dungeon Overview and Level Annotations

Branches:
Dungeon (6/15)
 Temple: D:4-7

Altars:
Hepliaklqana


Innate Abilities, Weirdness & Mutations

You have a pair of small antennae on your head.


Message History

You closely miss the hound. The hound bites you.
You barely miss the hound. The hound bites you. x2
You are too injured to fight recklessly!
You are too injured to fight recklessly!
You are too injured to fight recklessly!
You are too injured to fight recklessly!
You are too injured to fight recklessly!
You are too injured to fight recklessly!
You are too injured to fight recklessly!
You closely miss the hound. The hound bites you. x2
* * * LOW HITPOINT WARNING * * *
You hit the hound.
The hound is moderately wounded.
The hound barely misses you.
You riposte.
You miss the hound.
The hound is moderately wounded.
The hound barely misses you.
You barely miss the hound.
The hound is moderately wounded.
The hound bites you.
You die...

#####..##.#.#.#
5.............#
......####..###
#.###
#..#####.##
#........[#
#...####..#
#.....##..#
#...#?....#
#####@....#
.......h....#
.###.........#
#.........#
...........#
###.##...####
#. ....# ##
#...#


You could see a hound.

Vanquished Creatures
  A hound skeleton (D:6)
  A white imp (D:6)
2 creatures vanquished.

Notes
Turn   | Place    | Note
-------+----------+-------------------------------------------
     0 | D:5      | ANON1729 the Demonspawn Delver began the quest for the Orb.
     0 | D:5      | Reached XP level 1. HP: 18/18 MP: 1/1
    11 | D:5      | Noticed an ogre
    29 | D:6      | Gained mutation: You have a pair of small antennae on your
                  | head. [demonic ancestry]
    29 | D:6      | Reached XP level 2. HP: 11/24 MP: 2/2
   175 | D:6      | Slain by a hound

Illustrated notes

Levels and vault maps discovered:
D:5:      layout_basic, overflow_temple_1_default, serial_shops, shop_statue,
          nicolae_shop_trees, shop, nicolae_shop_trees
D:6:      layout_loops_ring, nemelex_xobeh_ov_fountains_minmay,
          gammafunk_ghost_necromancy

Skill      XL: |  1 |
---------------+----+-----
Long Blades    | 2 |  2.1
Dodging        | 2 |  2.1
Fighting       | |  3.2
Stealth        | |  4.7

Action                   || total
-------------------------++-------
Melee: Falchion          ||    18
Armor: Leather armour    ||     7
Dodge: Dodged            ||    10
       Rpst.: Falchion   ||     5

Table legend: (Time is in decaauts)
 A = Elapsed time spent in this place.
 B = Non-inter-level travel time spent in this place.
 C = Inter-level travel time spent in this place.
 D = Time resting spent in this place.
 E = Time spent auto-exploring this place.
 F = Levels seen in this place.
 G = Mean time per level.
                   A        B        C        D        E       F      G
               +--------+--------+--------+--------+--------+-----+--------+
         Total |    178 |    178 |      0 |    125 |     10 |   2 |   89.0 |
       Dungeon |    178 |    178 |      0 |    125 |     10 |   2 |   89.0 |
               +--------+--------+--------+--------+--------+-----+--------+

Top non-repeatable levels by time:
     D:6: 162 daAuts
     D:5: 16 daAuts
